 Dungeon Crawl Stone Soup version 0.18.1-50-g88ac8fd (webtiles) character file.

64 ri73 the Chopper (level 3, -9/34 HPs)
             Began as a Minotaur Berserker on Apr 4, 2017.
             Was a Believer of Trog.
             Killed by nerve-wracking pain
             ... invoked by Grinder
              (14 damage)
             ... on level 3 of the Dungeon.
             The game lasted 00:18:57 (2300 turns).

ri73 the Chopper (Minotaur Berserker)               Turns: 2300, Time: 00:18:57

Health: -9/34      AC:  5    Str: 22    XL:     3   Next: 91%
Magic:  2/2        EV: 11    Int:  4    God:    Trog [**....]
Gold:   119        SH:  0    Dex:  9    Spells: 0 memorised, 2 levels left

rFire  . . .     SeeInvis .     a - +0 hand axe
rCold  . . .     Gourm    .     l - +0 ring mail
rNeg   . . .     Faith    .     (no shield)
rPois  .         Spirit   .     (helmet restricted)
rElec  .         Dismiss  .     (no cloak)
rCorr  .         Reflect  .     (no gloves)
SustAt .         Harm     .     (no boots)
MR     .....                    (no amulet)
Stlth  ++........               (no ring)
                                j - ring of stealth

@: not resistant to hostile enchantments, unstealthy
A: retaliatory headbutt, horns 2
a: Berserk, Trog's Hand, Burn Spellbooks, Renounce Religion


You were on level 3 of the Dungeon.
You worshipped Trog.
Trog was pleased with you.
You were very hungry.

You visited 1 branch of the dungeon, and saw 3 of its levels.

You collected 119 gold pieces.

Inventory:

Hand Weapons
 a - a +0 hand axe (weapon)
Missiles
 f - 54 stones (quivered)
 o - 14 poisoned needles
Armour
 l - a +0 ring mail (worn)
Jewellery
 j - a ring of stealth (left hand)
Scrolls
 b - 2 scrolls of remove curse
 e - 2 scrolls of identify
 m - a scroll of recharging
Potions
 g - 2 potions of might {unknown}
 h - 2 potions of curing {unknown}
 i - a potion of resistance {unknown}
 k - 2 potions of degeneration {unknown}
 n - a potion of cure mutation {unknown}
Comestibles
 c - 5 bread rations
 d - 3 meat rations
 p - 3 fruits


   Skills:
 + Level 4.4 Fighting
 + Level 4.6 Axes
 + Level 2.9 Armour
 + Level 2.5 Dodging
 + Level 0.5 Stealth


You had 2 spell levels left.
You didn't know any spells.

Dungeon Overview and Level Annotations

Branches:
Dungeon (3/15)

Altars:
Fedhas
Kikubaaqudgha
Qazlal
Vehumet

Annotations:
D:3 Grinder


Innate Abilities, Weirdness & Mutations

You reflexively headbutt those who attack you in melee.
You have a pair of horns on your head.


Message History

Grinder is lightly wounded.
Grinder closely misses you.
You barely miss Grinder.
Grinder is lightly wounded.
Grinder hits you.
You writhe in agony.
You barely miss Grinder. You headbutt Grinder!
Grinder is moderately wounded.
Grinder hits you.
* * * LOW HITPOINT WARNING * * *
You writhe in agony.
* * * LOW HITPOINT WARNING * * *
A bat comes into view.
A hobgoblin comes into view.
The hobgoblin shouts!
Grinder gestures at you. Pain shoots through your body!
* * * LOW HITPOINT WARNING * * *
Grinder gestures at you. Pain shoots through your body!
You die...

#....# # #(...#.....
#....#.... .#
#####(.... ... ..#
#.....((.##.. ....
#......(....##....
#......(#.........
##......(#.......b.
###........#.@....g..
#..........#.........
#.§.§.......5........
##.._.......#.........
#..§.§......#.....###.
#....§......#....!#
#.####......#.....#
#...........#######
######......#


You could see Grinder, a hobgoblin and a bat.

Vanquished Creatures
  2 adders (D:2)
  A ball python (D:1)
  4 bats
  5 giant cockroaches
  6 goblins
  3 hobgoblins (D:2)
  7 jackals (D:1)
  3 quokkas (D:2)
  3 giant newts (D:1)
  3 kobolds
  4 rats
41 creatures vanquished.

Notes
Turn   | Place    | Note
--------------------------------------------------------------
     0 | D:1      | ri73 the Minotaur Berserker began the quest for the Orb.
     0 | D:1      | Reached XP level 1. HP: 19/19 MP: 0/0
   343 | D:1      | Reached XP level 2. HP: 27/27 MP: 1/1
   819 | D:1      | Reached ** piety under Trog
  1059 | D:2      | Reached XP level 3. HP: 33/33 MP: 2/2
  1143 | D:2      | Found a stormy altar of Qazlal.
  1190 | D:2      | Found a blossoming altar of Fedhas.
  1799 | D:2      | Found an ancient bone altar of Kikubaaqudgha.
  2263 | D:3      | Found a radiant altar of Vehumet.
  2283 | D:3      | Noticed Grinder
  2287 | D:3      | Paralysed by Grinder for 3 turns
  2300 | D:3      | Killed from afar by Grinder

Skill      XL: |  1  2 |
---------------+-------+-----
Fighting       | 4 |  4.4
Axes           | 4 |  4.6
Armour         | |  2.9
Dodging        | |  2.5
Stealth        | |  0.5

Action                   || total
-------------------------++-------
Melee: Hand axe          ||    94
       Headbutt          ||    14
Throw: Stone             ||    76
Invok: Trog's Hand       ||     1
  Use: Scroll            ||     4
 Stab: Sleeping          ||     1
  Eat: Chunk             ||     3
Armor: Ring mail         ||    24
       Leather armour    ||     3
       Robe              ||     2
Dodge: Dodged            ||    53
